 Dungeon Crawl Stone Soup version 0.26-a0-778-g3fe0686644 (webtiles) character file.

Game seed: 6006997455441900328

672 Towns the Chopper (level 7, -3/63 HPs)
             Began as a Hill Orc Monk on Nov 9, 2020.
             Was a Follower of Beogh.
             Splashed by a jelly's acid (6 damage)
             ... on level 5 of the Dungeon.
             The game lasted 00:21:19 (5290 turns).

Towns the Chopper (Hill Orc Monk)                   Turns: 5290, Time: 00:21:20

Health: -3/63      AC: -2    Str: 16    XL:     7   Next: 58%
Magic:  7/7        EV: 11    Int: 10    God:    Beogh [*.....]
Gold:   164        SH:  0    Dex: 13    Spells: 6/6 levels left

rFire    . . .     SeeInvis .   a - +0 hand axe
rCold    . . .     Faith    .   (no shield)
rNeg     . . .     Spirit   .   t - +0 ring mail
rPois    .         Reflect  .   q - +0 helmet
rElec    .         Harm     .   d - +0 cloak
rCorr    .         Rampage  .   (no gloves)
MR       .....                  s - +0 pair of boots
Stlth    +.........             (no amulet)
HPRegen  0.20/turn              (no ring)
MPRegen  0.10/turn              (no ring)

@: corroded
A: no striking features
a: Renounce Religion


You were on level 5 of the Dungeon.
You worshipped Beogh.
Beogh was aware of your devotion.
You visited 1 branch of the dungeon, and saw 5 of its levels.

You collected 164 gold pieces.

Inventory:

Hand Weapons
 a - a +0 hand axe (weapon)
Missiles
 b - 2 atropa-tipped darts
 h - 7 javelins (quivered)
Armour
 d - a +0 cloak (worn)
 j - a +0 pair of gloves
 l - a +0 leather armour
 q - a +0 helmet (worn)
 r - a +0 plate armour
 s - a +0 pair of boots (worn)
 t - a +0 ring mail (worn)
 v - a +2 kite shield
Jewellery
 u - an uncursed amulet of reflection {unknown}
Scrolls
 c - a scroll of identify
 m - 2 scrolls of amnesia {unknown}
 x - 2 scrolls of teleportation
Potions
 e - a potion of heal wounds {unknown}
 f - a potion of degeneration {unknown}
 g - a potion of attraction {unknown}
 i - 2 potions of curing {unknown}
 k - a potion of flight {unknown}
 n - 2 potions of brilliance
 o - a potion of berserk rage {unknown}
 p - 2 potions of mutation
 w - a potion of lignification {unknown}


   Skills:
 + Level 6.3 Fighting
 + Level 7.0 Axes
 + Level 4.6 Armour
 - Level 2.4 Dodging
 - Level 1.5 Stealth
 + Level 2.4 Shields


You had 6 spell levels left.
You didn't know any spells.
Your spell library was empty.

Dungeon Overview and Level Annotations

Branches:
Dungeon (5/15)             Temple (0/1) D:5

Altars:
Dithmenos
Nemelex Xobeh
Okawaru


Message History

You hit the worker ant but do no damage.
The worker ant is almost dead.
You hit the jelly.
Your hands burn!
The jelly barely misses you. The worker ant bites you.
* * * LOW HITPOINT WARNING * * *
You barely miss the worker ant.
The worker ant is almost dead.
You hit the jelly.
Your hands burn!
* * * LOW HITPOINT WARNING * * *
The worker ant bites you!
* * * LOW HITPOINT WARNING * * *
The jelly barely misses you.
You barely miss the worker ant.
The worker ant is almost dead.
You hit the jelly but do no damage.
Your hands burn!
* * * LOW HITPOINT WARNING * * *
The worker ant completely misses you. The jelly hits you.
* * * LOW HITPOINT WARNING * * *
You are splashed with acid.
You die...

...........#
...........#
...........#
####
#......[...#
...#
.........#
...# .......#
...# #B.J..#
...# #.
#@...# ...#
##.###....#
...#
...........#
...+
...........#
...#
...........#
...####
###.......##
..o...###
#.......#
....#...##
#.......#
.........#
#.......#####


You could see a jelly and a worker ant.

Vanquished Creatures
  A sky beast (D:5)
  An ogre (D:4)
  A bullfrog zombie (D:5)
  A gnoll shaman (D:4)
  3 orc wizards
  A bullfrog skeleton (D:5)
  3 iguanas
  3 worker ants
  4 adders
  A shadow imp (D:2)
  An ufetubus (D:5)
  2 oozes
  An adder skeleton (D:4)
  4 worms
  3 dart slugs
  3 leopard geckos
  15 orcs
  6 bats
  3 giant cockroaches
  7 goblins
  8 hobgoblins
  8 jackals
  3 quokkas
  2 ball pythons
  5 frilled lizards
  3 kobolds
  8 rats
101 creatures vanquished.

Vanquished Creatures (others)
  6 plants (D:2)
6 creatures vanquished.

Grand Total: 107 creatures vanquished

Notes
Turn   | Place    | Note
-------+----------+-------------------------------------------
     0 | D:1      | Towns the Hill Orc Monk began the quest for the Orb.
     0 | D:1      | Reached XP level 1. HP: 19/19 MP: 1/1
   269 | D:1      | Reached XP level 2. HP: 24/27 MP: 2/2
   320 | D:1      | Reached skill level 1 in Armour
  1060 | D:2      | Reached XP level 3. HP: 33/33 MP: 3/3
  1733 | D:2      | Reached XP level 4. HP: 41/41 MP: 4/4
  1792 | D:2      | Reached skill level 5 in Axes
  1834 | D:2      | Found a faded altar of an unknown god.
  2053 | D:2      | Found a sparkling altar of Nemelex Xobeh.
  2310 | D:3      | Found an iron altar of Okawaru.
  2708 | D:3      | Reached XP level 5. HP: 44/47 MP: 5/5
  3226 | D:3      | Reached skill level 5 in Fighting
  3561 | D:3      | Reached XP level 6. HP: 52/56 MP: 6/6
  3583 | D:4      | Reached skill level 6 in Axes
  3895 | D:4      | Found a shadowy altar of Dithmenos.
  4357 | D:4      | Reached skill level 1 in Shields
  4365 | D:4      | Reached XP level 7. HP: 47/62 MP: 7/7
  4574 | D:5      | Entered Level 5 of the Dungeon
  4815 | D:5      | Became a worshipper of Beogh the Brigand
  4815 | D:5      | Reached * piety under Beogh
  4815 | D:5      | Reached ** piety under Beogh
  4818 | D:5      | Found a staircase to the Ecumenical Temple.
  4849 | D:5      | Reached skill level 7 in Axes
  5290 | D:5      | HP: 3/63 [jelly (1)]
  5290 | D:5      | Splashed by a jelly's acid

Illustrated notes

Levels and vault maps discovered:
D:1:      minmay_arrival_shoal_huts, layout_basic
D:2:      layout_basic, chequers_ecumenical_altar_lobes,
          nemelex_dance_club_becter
D:3:      layout_rooms, serial_glass, glass_columns_a, glass_columns_b,
          okawaru_gym_becter
D:4:      layout_rooms, lemuel_round_altar, minmay_pentangle
D:5:      layout_basic, minmay_temple_entry_statues_fountains,
          ebering_ghost_gozag, grunt_decor_resistance

Skill      XL: |  1  2  3  4  5  6  7 |
---------------+----------------------+-----
Armour         | 1 2 3 4 |  4.6
Fighting       | 4 5 6 |  6.3
Axes           | 5 6 7 |  7.0
Shields        | 1 2 |  2.4
Dodging        | |  2.4
Stealth        | |  1.5

Action                   |  1- 3 |  4- 6 |  7- 9 || total
-------------------------+-------+-------+-------++-------
Melee: Hand axe          |   112 |   267 |    74 ||   453
Throw: Javelin           |     5 |    12 |     3 ||    20
       Dart              |       |     5 |       ||     5
Invok: Convert to Beogh  |       |       |     1 ||     1
  Use: Potion            |       |     1 |       ||     1
       Scroll            |       |     5 |       ||     5
 Stab: Sleeping          |     1 |     1 |       ||     2
       Invisible         |       |     2 |       ||     2
Armor: Robe              |     7 |       |       ||     7
       Leather armour    |    16 |    52 |       ||    68
       Ring mail         |       |    22 |    29 ||    51
Dodge: Dodged            |    86 |   165 |    56 ||   307

Table legend: (Time is in decaauts)
 A = Elapsed time spent in this place.
 B = Non-inter-level travel time spent in this place.
 C = Inter-level travel time spent in this place.
 D = Time resting spent in this place.
 E = Time spent auto-exploring this place.
 F = Levels seen in this place.
 G = Mean time per level.
                   A        B        C        D        E       F      G
               +--------+--------+--------+--------+--------+-----+--------+
         Total |   5321 |   5079 |    242 |   1202 |   2109 |   5 | 1064.2 |
       Dungeon |   5321 |   5079 |    242 |   1202 |   2109 |   5 | 1064.2 |
               +--------+--------+--------+--------+--------+-----+--------+

Top non-repeatable levels by time:
     D:2: 1559 daAuts
     D:4: 1049 daAuts
     D:3: 1003 daAuts
     D:1: 995 daAuts
     D:5: 714 daAuts
